 Dungeon Crawl Stone Soup version 0.28-a0-863-g8cecda6153 (webtiles) character file.

Game seed: 10554793258281918899

3311 avis the Cleaver (level 10, -5/91 (94) HPs)
             Began as a Hill Orc Fighter on Nov 19, 2021.
             Slain by a gnoll sergeant (11 damage)
             ... on level 7 of the Dungeon.
             The game lasted 00:40:53 (8698 turns).

avis the Cleaver (Hill Orc Fighter)                 Turns: 8698, Time: 00:40:55

HP:   -5/91 (94)    AC: 12    Str: 23    XL:     10   Next: 1%
MP:   10/10         EV:  7    Int:  8    God:
Gold: 1437          SH:  9    Dex: 10    Spells: 9/9 levels left

rFire   . . .      SeeInvis .   a - +0 war axe
rCold   . . .      Faith    .   c - +0 buckler
rNeg    . . .      Spirit   .   L - +1 chain mail
rPois   .          Reflect  +   o - +0 helmet
rElec   .          Harm     .   (no cloak)
rCorr   .          Rampage  .   (no gloves)
Will    .....                   B - +0 pair of boots
Stlth   ..........              t - amulet of reflection
HPRegen 0.25/turn               (no ring)
MPRegen 0.12/turn               (no ring)

@: lethally poisoned (-5 -> -28), attractive, studying Transmutations, lightly
drained
A: no striking features
a: no special abilities


You were on level 7 of the Dungeon.
You visited 2 branches of the dungeon, and saw 8 of its levels.
You also visited: Bailey.

You collected 1437 gold pieces.

Inventory:

Hand Weapons
 a - a +0 war axe (weapon)
 i - a +0 hunting sling
 j - a +0 trident
 p - a +3 flail
 u - a +0 trident of protection
 O - a +3 halberd
Missiles
 g - 145 stones
 h - 15 boomerangs
 r - 5 throwing nets
 w - 22 poisoned darts (quivered)
 x - a silver boomerang
 z - 56 sling bullets
Armour
 c - a +0 buckler (worn)
 o - a +0 helmet (worn)
 B - a +0 pair of boots (worn)
 G - a +0 chain mail
 K - a +0 chain mail
 L - a +1 chain mail (worn)
 M - a +0 plate armour
 N - a +0 plate armour
 V - a +0 chain mail
Jewellery
 t - an amulet of reflection (around neck)
Wands
 m - a wand of paralysis (5)
 D - a wand of mindburst (9)
Scrolls
 b - a scroll of fear
 e - 2 scrolls of amnesia
 f - a scroll of enchant armour
 l - a scroll of holy word
 n - a scroll of vulnerability
 v - a scroll of enchant weapon {unknown}
 y - a scroll of fog
 A - a scroll of noise
 J - a scroll of identify
Potions
 d - a potion of might
 q - 2 potions of flight
Miscellaneous
 X - a condenser vane


   Skills:
 * Level 10.3 Fighting
 + Level 14.5 Axes
 - Level 3.2 Armour
 - Level 3.2 Shields


You had 9 spell levels left.
You didn't know any spells.
Your spell library contained the following spells:

 Spells                   Type           Power      Damage    Failure   Level
 Airstrike                Air            0%         N/A       100%        4
 Summon Lightning Spire   Summ/Air       0%         N/A       100%        4
 Lightning Bolt           Conj/Air       0%         1d11      100%        5


Dungeon Overview and Level Annotations

Branches:
Dungeon (7/15)             Temple (1/1) D:5          Bailey (visited)

Altars:
Hepliaklqana
Uskayaw
Xom

Shops:
D:2 [   D:3 [   D:6 *


Message History

You are more poisoned.
You closely miss the gnoll sergeant.
The gnoll sergeant is almost dead.
You hit the wight but do no damage.
You feel very sick. You block the wight's attack.
The wight hits you but does no damage.
The gnoll sergeant hits you with a +1 spear of venom!
You are more poisoned.
You barely miss the gnoll sergeant.
The gnoll sergeant is almost dead.
You hit the wight.
You feel extremely sick. The wight hits you but does no damage.
You block the wight's attack.
You hit the gnoll sergeant but do no damage.
The gnoll sergeant is almost dead.
You slash the wight!
You feel very sick.
The gnoll sergeant hits you with a +1 spear of venom.
The wight hits you with a +0 scimitar.
* * * LOW HITPOINT WARNING * * *
You feel drained.
You closely miss the gnoll sergeant.
The gnoll sergeant is almost dead.
You slash the wight!
* * * LOW HITPOINT WARNING * * *
You feel very sick.
The wight hits you from afar with a +5 spear of freezing.
* * * LOW HITPOINT WARNING * * *
You feel drained. The wight freezes you.
* * * LOW HITPOINT WARNING * * *
The gnoll sergeant hits you with a +1 spear of venom.
* * * LOW HITPOINT WARNING * * *
You are more poisoned.
It was a potion of attraction.
You feel attractive to monsters.
* * * LOW HITPOINT WARNING * * *
You feel extremely sick. The wight barely misses you.
You block the wight's attack.
The gnoll sergeant hits you with a +1 spear of venom!
You die...

...#####...###.........#
.............'.........' .
........###.##.........#
.....###......##########..
.. #..................
#.####..................
#....##'##..............
#....zz.................
....#..[#@g.#'###...####..
. #...+......##...####..
###...#.###..##.........
......#'###..##.........
.............##.........
.....#.........##.........
...h.###.......##.........
...............##......##.
.....<.......##..#.#.##.


You could see a gnoll sergeant and 2 wights.

Vanquished Creatures
  Sigmund (D:6)
  A wraith (D:5)
  Edmund (D:6)
  A water moccasin (D:5)
  2 black bears (D:4)
  3 necrophages
  2 ogres (D:4)
  2 centaurs
  A phantom (D:6)
  A bullfrog (D:6)
  8 gnoll sergeants (Bailey)
  3 scorpions
  A water moccasin zombie (D:5)
  A water moccasin skeleton (D:4)
  5 wights
  2 centaur zombies
  4 hounds
  A jelly (D:6)
  An orc priest (D:6)
  6 gnoll shamans (Bailey)
  2 iguanas
  Terence (D:3)
  5 orc wizards
  A hound skeleton (D:5)
  14 gnolls (Bailey)
  5 adders
  A shadow imp (D:5)
  An ufetubus (D:3)
  2 worms
  2 dart slugs
  14 orcs
  8 ball pythons
  7 endoplasms
  2 giant cockroaches (D:2)
  10 goblins
  5 hobgoblins
  6 jackals
  6 quokkas
  5 bats
  3 frilled lizards
  5 kobolds
  4 rats
156 creatures vanquished.

Vanquished Creatures (others)
  4 demonic plants (D:2)
  3 fungi (D:2)
  12 plants
  5 withered plants (D:2)
24 creatures vanquished.

Grand Total: 180 creatures vanquished

Notes
Turn   | Place    | Note
-------+----------+-------------------------------------------
     0 | D:1      | avis the Hill Orc Fighter began the quest for the Orb.
     0 | D:1      | Reached XP level 1. HP: 19/19 MP: 1/1
    96 | D:1      | Reached skill level 3 in Axes
   261 | D:1      | Reached XP level 2. HP: 23/26 MP: 2/2
   357 | D:1      | Reached skill level 4 in Axes
   726 | D:1      | Reached XP level 3. HP: 31/31 MP: 3/3
  1050 | D:2      | Reached skill level 5 in Axes
  1382 | D:2      | Found Reaxkufegg's Antique Armour Shop.
  1538 | D:2      | Found a faded altar of an unknown god.
  2088 | D:3      | Noticed Terence
  2106 | D:3      | Killed Terence
  2107 | D:3      | Reached XP level 4. HP: 13/40 MP: 4/4
  2518 | D:3      | Found Qoumug's Antique Armour Shop.
  2600 | D:3      | Found a hide-covered altar of Uskayaw.
  2954 | D:3      | Reached skill level 6 in Axes
  3022 | D:4      | Noticed an ogre
  3029 | D:3      | Reached XP level 5. HP: 44/46 MP: 5/5
  3160 | D:4      | Noticed a black bear
  3171 | D:4      | Killed a black bear
  3172 | D:4      | Reached skill level 7 in Axes
  3172 | D:4      | Reached XP level 6. HP: 28/52 MP: 6/6
  3201 | D:4      | Reached skill level 8 in Axes
  3439 | D:4      | Reached skill level 9 in Axes
  3439 | D:4      | Reached XP level 7. HP: 56/59 MP: 7/7
  3764 | D:4      | Reached skill level 10 in Axes
  4082 | D:5      | Entered Level 5 of the Dungeon
  4232 | D:5      | Found a staircase to the Ecumenical Temple.
  4237 | D:5      | Reached skill level 11 in Axes
  4243 | Temple   | Entered the Ecumenical Temple
  4247 | D:5      | Noticed a wraith
  4253 | D:5      | Killed a wraith
  4254 | D:5      | Reached XP level 8. HP: 66/66 MP: 8/8
  4287 | D:5      | Reached skill level 12 in Axes
  4935 | D:5      | Found a shimmering altar of Xom.
  5139 | D:6      | Reached skill level 5 in Fighting
  5190 | D:6      | Reached skill level 13 in Axes
  5232 | D:6      | Noticed Edmund
  5243 | D:6      | Killed Edmund
  5499 | D:6      | Found Efosed's Assorted Antiques.
  5552 | D:6      | Reached XP level 9. HP: 52/78 MP: 9/9
  6096 | D:6      | Found a hazy altar of Hepliaklqana.
  6349 | D:6      | Noticed Sigmund
  6361 | D:6      | Killed Sigmund
  6839 | D:7      | Found a flagged portal.
  6855 | Bailey   | Entered a bailey
  7020 | Bailey   | Reached skill level 14 in Axes
  7690 | Bailey   | HP: 1/84 [gnoll sergeant (10)]
  8056 | Bailey   | Reached skill level 10 in Fighting
  8124 | Bailey   | Reached XP level 10. HP: 29/93 MP: 10/10
  8698 | D:7      | Slain by a gnoll sergeant

Illustrated notes

Levels and vault maps discovered:
D:1:      scummos_arrival_checkerplants, layout_loops_ring
D:2:      layout_rooms, serial_shops, nicolae_diamond_shop,
          shapermc_ecumenical_altar_gd
D:3:      minmay_door_path, layout_loops_ring, nicolae_overflow_crystal_walls,
          serial_shops, shop, uniq_terence
D:4:      layout_layer_cave
D:5:      layout_rooms, lemuel_doored_altar, minmay_temple_entry_tees
D:6:      layout_loops_cross, nicolae_hepliaklqana_hazy_memory, serial_shops,
          nicolae_diamond_shop, sigmund_edmund_badplayer, uniq_edmund
D:7:      layout_basic, gammafunk_ghost_hive, enter_bailey_4, st_stairs_2,
          glass_columns_a
Temple:   dpeg_five_rooms_temple

Skill      XL: |  1  2  3  4  5  6  7  8  9 |
---------------+----------------------------+-----
Axes           | 3 4 5 6 7 9 11 13 14 | 14.5
Fighting       | 4 6 10 | 10.3
Armour         | |  3.2
Shields        | |  3.2

Action                   |  1- 3 |  4- 6 |  7- 9 | 10-12 || total
-------------------------+-------+-------+-------+-------++-------
Melee: War axe           |   155 |    50 |   389 |    13 ||   607
       Staff             |     4 |       |       |       ||     4
Throw: Dart              |       |    13 |    76 |       ||    89
Evoke: Wand              |       |       |     1 |       ||     1
  Use: Scroll            |       |       |    12 |       ||    12
       Potion            |       |       |     5 |     1 ||     6
 Stab: Held in net/web   |       |       |     1 |       ||     1
Armor: Scale mail        |    53 |    21 |    67 |       ||   141
       Chain mail        |       |       |    66 |     4 ||    70
Dodge: Dodged            |    62 |    18 |   111 |     4 ||   195
Block: Buckler           |    40 |    38 |   181 |     5 ||   264
       Reflection        |       |       |     4 |       ||     4

Table legend: (Time is in decaauts)
 A = Elapsed time spent in this place.
 B = Non-inter-level travel time spent in this place.
 C = Inter-level travel time spent in this place.
 D = Time resting spent in this place.
 E = Time spent auto-exploring this place.
 F = Levels seen in this place.
 G = Mean time per level.
                   A        B        C        D        E       F      G
               +--------+--------+--------+--------+--------+-----+--------+
         Total |   8716 |   7985 |    731 |   2774 |   2706 |   9 |  968.4 |
       Dungeon |   7065 |   6334 |    731 |   1980 |   2706 |   7 | 1009.3 |
        Temple |     20 |     20 |      0 |      0 |      0 |   1 |   20.0 |
        Bailey |   1630 |   1630 |      0 |    794 |      0 |   1 | 1630.0 |
               +--------+--------+--------+--------+--------+-----+--------+

Top non-repeatable levels by time:
     D:6: 1645 daAuts
  Bailey: 1630 daAuts
     D:3: 1218 daAuts
     D:4: 1159 daAuts
     D:1: 963 daAuts
     D:2: 903 daAuts
     D:5: 836 daAuts
     D:7: 338 daAuts
  Temple: 20 daAuts
